 Dungeon Sprint DCSS version 0.23.0 (webtiles) character file.

Game seed: 8130130686867894614

62091 nuthulu the Tortoise (level 15, -7/113 HPs)
             Began as a Gargoyle Fighter on Feb 18, 2019.
             Was a High Priest of Uskayaw.
             Killed by the air
             ... invoked by a titan
              (42 damage)
             ... in the Dungeon (Sprint V: "Ziggurat Sprint").
             The game lasted 00:09:19 (1567 turns).

nuthulu the Tortoise (Gargoyle Fighter)             Turns: 1567, Time: 00:09:20

Health: -7/113     AC: 49    Str: 35    XL:     15   Next: 5%
Magic:  14/21      EV: 12    Int: 13    God:    Uskayaw [*****.]
Gold:   0          SH: 38    Dex: 12    Spells: 14/14 levels left

rFire    . . .     SeeInvis .   H - +6 shillelagh "Devastator" {shatter}
rCold    + . .     Gourm    .   G - +18 shield of the Gong {rElec rN+ MR+ EV-5}
rNeg     + + .     Faith    .   F - +15 Maxwell's patent armour {-Cast -Tele rElec MR+ rCorr}
rPois    ∞         Spirit   .   (no helmet)
rElec    +         Reflect  +   K - +2 cloak {rPois}
rCorr    +         Harm     .   (no gloves)
MR       +++..     NoTele   +   (no boots) Stlth ..........NoCast +
                                J - amulet "Unoolic" {Reflect rPois rC+ Int+4 SH+3}
HPRegen  0.28/turn              D - +6 ring of strength
MPRegen  0.17/turn              E - +6 ring of strength

@: flying
A: big wings, negative energy resistance 1, electricity resistance, unbreathing,
petrification resistance, rot immunity, AC +11
a: Stop Flying, Stomp, Line Pass, Grand Finale, Renounce Religion


You were in the Dungeon.
You worshipped Uskayaw.
Uskayaw was aware of your devotion.
You were not hungry.

You visited 1 branch

Inventory:

Hand Weapons
 H - the +6 shillelagh "Devastator" (weapon) {shatter}
   (You found it in the Dungeon)
Armour
 F - the +15 Maxwell's patent armour (worn) {-Cast -Tele rElec MR+ rCorr}
   (You found it in the Dungeon)

   It insulates you from electricity.
   It affects your resistance to hostile enchantments.
   It prevents spellcasting.
   It prevents most forms of teleportation.
   It provides partial protection from all sources of acid and corrosion.
 G - the +18 shield of the Gong (worn) {rElec rN+ MR+ EV-5}
   (You found it in the Dungeon)

   It affects your evasion (-5).
   It insulates you from electricity.
   It protects you from negative energy.
   It affects your resistance to hostile enchantments.
 K - a +2 cloak of poison resistance (worn)
Jewellery
 a - the ring "Vuenk" {MP+9 Stlth+}
   (You found it in the Dungeon)

   [ring of stealth]

   It affects your magic capacity (+9).
   It makes you more stealthy.
 b - an uncursed ring of protection from cold
 c - an uncursed amulet of guardian spirit
 o - an uncursed amulet of the acrobat
 z - a +6 ring of dexterity
 A - a +6 ring of dexterity
 B - a +6 ring of intelligence
 C - a +6 ring of intelligence
 D - a +6 ring of strength (left hand)
 E - a +6 ring of strength (right hand)
 J - the amulet "Unoolic" (around neck) {Reflect rPois rC+ Int+4 SH+3}
   (You found it in the Dungeon)

   [amulet of reflection]

   It shields you and reflects attacks.
   It affects your intelligence (+4).
   It protects you from cold.
   It protects you from poison.
   It affects your SH (+3).
Wands
 w - a wand of disintegration (7)
 x - a wand of iceblast (7)
 y - a wand of acid (7)
Scrolls
 k - 4 scrolls of blinking
 q - 4 scrolls of amnesia
 r - 8 scrolls of fog
 s - a scroll of holy word
 t - 5 scrolls of identify
 u - 5 scrolls of remove curse
 v - 2 scrolls of fear
 I - a scroll of brand weapon
Potions
 d - 5 potions of might
 e - 9 potions of curing
 g - 6 potions of heal wounds
 h - 5 potions of haste
 i - 7 potions of magic
 j - 3 potions of berserk rage
 l - 2 potions of brilliance
 m - 2 potions of invisibility
 n - 3 potions of resistance
 p - 5 potions of agility
Comestibles
 f - 6 rations


   Skills:
 + Level 20.5 Fighting
 - Level 17.2 Maces & Flails
 + Level 20.5 Armour
 * Level 15.1 Dodging
 - Level 20.5 Shields
 * Level 8.9 Invocations


You had 14 spell levels left.
You didn't know any spells.
Your spell library was empty.

Dungeon Overview and Level Annotations

Branches:
Dungeon (1/1)

Altars:
Ashenzari
Cheibriados
Dithmenos
Elyvilon
Fedhas
Gozag
Hepliaklqana
Kikubaaqudgha
Makhleb
Nemelex Xobeh
Okawaru
Qazlal
Ru
Sif Muna
Trog
Uskayaw
Vehumet
Wu Jian
Xom
Yredelemnul
Zin
The Shining One
Beogh
Jiyva
Lugonu


Innate Abilities, Weirdness & Mutations

You are resistant to torment.
Your stone body is resilient. (AC +11)
You are immune to poison.
Your large and strong wings let you fly indefinitely.
You resist negative energy. (rN+)
You are resistant to electric shocks. (rElec)
You can survive without breathing.
You are immune to petrification.
You are immune to rotting.


Message History

The spriggan air mage waves its arms in wide circles.
The air twists around and violently strikes you in flight!
The wind drake flaps its wings at you.
The air twists around and violently strikes you in flight!
The wind drake flaps its wings at you.
The air twists around and violently strikes you in flight!
The insubstantial wisp moves out of view.
The wind drake hisses angrily.
The insubstantial wisp gives a chilling moan.
Found ten items.
A storm dragon comes into view.
An electric golem, an insubstantial wisp, a spriggan air mage and a wind drake come into view.
The storm dragon roars deafeningly!
The wind drake hisses angrily.
The spriggan air mage shouts!
The electric golem blinks!
The wind drake flaps its wings at you.
The air twists around and violently strikes you in flight!
The titan waves its arms in wide circles.
The air twists around and violently strikes you in flight!
You die...

▓...|[=}.
..[:)8[}|k})i..▓........
..?kvkvDi[=v|..▓........
.....iEiDCv....▓.....)÷)
...vkkkk..k....▓.....)((
........8......▓.....)((
.......kk......▓..▓...(.
...............▓. ▓▓....
.......@.......▓..▓.....
...............▓........
...............▓......©.
...▓.......▓...▓▓▓▓▓▓▓▓▓
...............▓.....8©8
...............▓.)|.})..
.......©.......▓..).[}..
▓▓▓▓▓▓▓▓▓▓▓▓▓▓▓▓........
▓........


You could see 2 electric golems, a titan, 2 storm dragons, 10 wind drakes, 4
spriggan air magi, an air elemental and 5 insubstantial wisps.

Vanquished Creatures
  2 pearl dragons (D)
  A lich (D)
  A thorn hunter (D)
  A balrug (D)
  5 reapers (D)
  An angel (D)
  A vampire knight (D)
  An entropy weaver (D)
  2 spriggan defenders (D)
  2 merfolk javelineers (D)
  3 merfolk impalers (D)
  Erolcha (D)
  A spriggan air mage (D)
  Erica (D)
  3 vault guards (D)
  4 merfolk aquamancers (D)
  A satyr (D)
  A merfolk avatar (D)
  An orc high priest (D)
  2 anacondas (D)
  4 spriggan berserkers (D)
  A wretched star (D)
  4 skeletal warriors (D)
  A spriggan druid (D)
  A cherub (D)
  A sea snake (D)
  A harpy (D)
  4 necromancers (D)
  5 orc knights (D)
  2 ugly things (D)
  3 orc sorcerers (D)
  2 cyclopes (D)
  A water nymph (D)
  3 rust devils (D)
  A freezing wraith (D)
  A yaktaur (D)
  A red devil (D)
  5 merfolk (D)
  A troll (D)
  4 wind drakes (D)
  3 hornets (D)
  2 slime creatures (D)
  A hippogriff (D)
  A raiju (D)
  A snapping turtle (D)
  2 flying skulls (D)
  4 shadows (D)
  2 air elementals (D)
  7 spriggans (D)
  5 starcursed masses (D)
  2 tarantellas (D)
  Sigmund (D)
  A fire bat (D)
  2 wraiths (D)
  A human (shapeshifter) (D)
  A large abomination (D)
  Edmund (D)
  A water moccasin (shapeshifter) (D)
  Duvessa (D)
  2 hell hounds (D)
  A floating eye (D)
  9 orc warriors (D)
  3 phantoms (D)
  3 black bears (D)
  2 necrophages (D)
  An eye of draining (D)
  4 ogres (D)
  3 centaurs (D)
  2 wolves (D)
  A small abomination (D)
  Blork the orc (D)
  Dowan (D)
  5 wights (D)
  2 crimson imps (D)
  2 jellies (D)
  2 orc priests (D)
  Crazy Yiuf (D)
  An iron imp (D)
  Jessica (D)
  3 orc wizards (D)
  A white imp (D)
  An adder zombie (D)
  A bat skeleton (D)
  2 bat zombies (D)
  2 ball python skeletons (D)
  A bat simulacrum (D)
  A giant cockroach zombie (D)
  A jackal skeleton (D)
  A jackal zombie (D)
  5 briar patches (D)
186 creatures vanquished.

Vanquished Creatures (others)
  A merfolk javelineer (D)
  A dancing weapon (D)
  A fire elemental (D)
  A crimson imp (D)
4 creatures vanquished.

Grand Total: 190 creatures vanquished

Notes
Turn   | Place    | Note
-------+----------+-------------------------------------------
     0 | D        | Found the +6 Majin-Bo {vamp, Archmagi MP+6 Int+6}
     0 | D        | Found the +7 great mace "Firestarter" {inner flame, rF++}
     0 | D        | nuthulu the Gargoyle Fighter began the quest for the Orb.
     0 | D        | Reached XP level 1. HP: 14/14 MP: 1/1
     0 | D        | Found a deep blue altar of Sif Muna.
     0 | D        | Found a sacrificial altar of Ru.
     0 | D        | Found a bloodstained altar of Trog.
     0 | D        | Found a stormy altar of Qazlal.
     0 | D        | Found an iron altar of Okawaru.
     0 | D        | Found a sparkling altar of Nemelex Xobeh.
     0 | D        | Found a blossoming altar of Fedhas.
     2 | D        | Found a transporter.
     2 | D        | Found an ancient bone altar of Kikubaaqudgha.
     2 | D        | Found a viscous altar of Jiyva.
     2 | D        | Found a corrupted altar of Lugonu.
     2 | D        | Found a hazy altar of Hepliaklqana.
     2 | D        | Found a burning altar of Makhleb.
     2 | D        | Found an opulent altar of Gozag.
    21 | D        | Found the +9 heavy crossbow "Sniper" {velocity, Acc+∞ SInv}
    21 | D        | Found the +10 dark maul {crush}
    21 | D        | Found the +15 Maxwell's patent armour {-Cast -Tele rElec
                  | MR+ rCorr}
    21 | D        | Found the +18 shield of the Gong {rElec rN+ MR+ EV-5}
    21 | D        | Found the cursed +14 obsidian axe {chop, +Fly SInv *Curse}
    23 | D        | Found the +6 shillelagh "Devastator" {shatter}
    23 | D        | Found the +11 plutonium sword {*Contam Stlth-}
    23 | D        | Found the +8 lance "Wyrmbane" {slay drac, rPois rF+ rC+
                  | AC+3}
    23 | D        | Found the +9 sword of Zonguldrok {reap}
    23 | D        | Found the cursed +13 scythe of Curses {drain, *Curse}
    23 | D        | Found the +0 sword of Power
    23 | D        | Found the +7 mace of Variability {chain chaos}
    23 | D        | Found the +7 Singing Sword {slice, sonic wave}
    23 | D        | Found the +7 longbow "Piercer" {penet, EV-2}
    51 | D        | Reached skill level 5 in Fighting
    51 | D        | Reached skill level 5 in Armour
    51 | D        | Reached skill level 5 in Shields
    51 | D        | Reached XP level 2. HP: 21/21 MP: 2/2
    62 | D        | Became a worshipper of Uskayaw the Reveler
    75 | D        | Entered arena 2.
    75 | D        | Noticed a tarantella
    75 | D        | Noticed a tarantella
    75 | D        | Found a transporter.
    76 | D        | Found the +9 staff of Wucad Mu {channel}
    77 | D        | Reached * piety under Uskayaw
    80 | D        | Killed a tarantella
    80 | D        | Reached XP level 3. HP: 26/28 MP: 3/3
    80 | D        | Reached XP level 4. HP: 32/34 MP: 4/4
    80 | D        | Reached XP level 5. HP: 36/38 MP: 5/5
    80 | D        | Reached ** piety under Uskayaw
    82 | D        | Killed a tarantella
    82 | D        | Reached XP level 6. HP: 42/44 MP: 6/6
    82 | D        | Reached *** piety under Uskayaw
    88 | D        | Entered arena 3.
    88 | D        | Noticed a phantom
    88 | D        | Noticed a necrophage
    88 | D        | Noticed a phantom
    88 | D        | Found a transporter.
    94 | D        | Killed a necrophage
    98 | D        | Reached **** piety under Uskayaw
   102 | D        | Reached ***** piety under Uskayaw
   103 | D        | Killed a phantom
   103 | D        | Reached XP level 7. HP: 51/51 MP: 7/7
   117 | D        | Entered arena 4.
   117 | D        | Noticed a red ugly thing
   117 | D        | Noticed a white ugly thing
   117 | D        | Noticed a golden eye
   117 | D        | Found a transporter.
   118 | D        | Noticed a basilisk
   118 | D        | a golden eye changed into a basilisk
   122 | D        | Killed a white ugly thing
   122 | D        | Reached skill level 10 in Fighting
   122 | D        | Reached skill level 10 in Armour
   122 | D        | Reached skill level 10 in Shields
   122 | D        | Reached XP level 8. HP: 58/58 MP: 8/8
   122 | D        | Reached ****** piety under Uskayaw
   123 | D        | Killed a white ugly thing
   131 | D        | Reached skill level 10 in Maces & Flails
   135 | D        | Entered arena 5.
   135 | D        | Noticed an air elemental
   135 | D        | Noticed an air elemental
   135 | D        | Noticed a +0 scimitar of protection
   135 | D        | Found a transporter.
   138 | D        | Killed a +0 scimitar of protection
   138 | D        | Reached XP level 9. HP: 44/64 MP: 9/9
   155 | D        | Entered arena 6.
   155 | D        | Found a transporter.
   163 | D        | Got the ring "Vuenk" {MP+9 Stlth+}
   167 | D        | Entered arena 7.
   167 | D        | Noticed a merfolk
   167 | D        | Noticed a merfolk
   168 | D        | Found a transporter.
   174 | D        | Killed a merfolk
   174 | D        | Killed a merfolk
   174 | D        | Reached XP level 10. HP: 35/72 MP: 10/10
   181 | D        | Entered arena 8.
   182 | D        | Found the +5 demon whip "Spellbinder" {antimagic, MR+}
   182 | D        | Found a transporter.
   204 | D        | Entered arena 9.
   204 | D        | Noticed a spriggan rider
   204 | D        | Noticed a spriggan druid
   205 | D        | Identified the cursed +0 lajatang of Generosity {flame,
                  | *Noise +Inv SInv Stlth+}
   205 | D        | Found a transporter.
   209 | D        | Killed a spriggan druid
   224 | D        | Entered arena 10.
   224 | D        | Noticed an entropy weaver
   224 | D        | Noticed a vault guard
   224 | D        | Noticed a vault guard
   224 | D        | Noticed a vault guard
   224 | D        | Noticed an orc knight
   225 | D        | Found a transporter.
   230 | D        | Killed an entropy weaver
   230 | D        | Reached XP level 11. HP: 73/80 MP: 11/11
   232 | D        | Killed an orc knight
   240 | D        | Killed a vault guard
   246 | D        | Killed a vault guard
   246 | D        | Reached skill level 15 in Maces & Flails
   247 | D        | Killed a vault guard
   247 | D        | Reached skill level 15 in Fighting
   247 | D        | Reached skill level 15 in Armour
   247 | D        | Reached skill level 15 in Shields
   253 | D        | Entered arena 11.
   253 | D        | Noticed Sigmund
   253 | D        | Noticed Jessica
   253 | D        | Noticed Blork the orc
   253 | D        | Noticed Crazy Yiuf
   253 | D        | Noticed Dowan
   253 | D        | Noticed Duvessa
   253 | D        | Noticed Edmund
   253 | D        | Noticed Erica
   253 | D        | Noticed Erolcha
   254 | D        | Identified the cursed +0 great sword of Generosity {drain,
                  | *Contam rPois rN+++ MR-}
   254 | D        | Found a transporter.
   256 | D        | Killed Jessica
   256 | D        | Killed Sigmund
   256 | D        | Killed Crazy Yiuf
   257 | D        | Killed Duvessa
   257 | D        | Killed Edmund
   257 | D        | Killed Erica
   258 | D        | Killed Erolcha
   263 | D        | Killed Dowan
   263 | D        | Killed Blork the orc
   270 | D        | Entered arena 12.
   270 | D        | Noticed a starcursed mass
   270 | D        | Noticed a wretched star
   270 | D        | Noticed a starcursed mass
   272 | D        | Found a transporter.
   279 | D        | Paralysed by accursed screaming for 1 turns
   284 | D        | Killed a starcursed mass
   285 | D        | Killed a starcursed mass
   285 | D        | Killed a starcursed mass
   285 | D        | Reached XP level 12. HP: 26/88 MP: 12/12
   285 | D        | Killed a starcursed mass
   292 | D        | Killed a wretched star
   299 | D        | Entered arena 13.
   299 | D        | Noticed an orc high priest
   301 | D        | Found a transporter.
   306 | D        | Killed an orc high priest
   428 | D        | Entered arena 14.
   429 | D        | Noticed a pearl dragon
   429 | D        | Noticed a pearl dragon
   430 | D        | Found the +7 great mace "Undeadhunter" {disrupt, rN+}
   430 | D        | Noticed an angel
   431 | D        | Found a transporter.
   445 | D        | Killed a pearl dragon
   446 | D        | Killed a pearl dragon
   446 | D        | Killed an angel
   461 | D        | Entered arena 15.
   462 | D        | Noticed a reaper
   463 | D        | Noticed a reaper
   463 | D        | Noticed a reaper
   463 | D        | Noticed a reaper
   464 | D        | Found the ring of Shadows {Umbra +Inv Stlth+}
   464 | D        | Found a transporter.
   469 | D        | Reached XP level 13. HP: 37/96 MP: 6/13
   473 | D        | Killed a reaper
   478 | D        | Killed a reaper
   480 | D        | Killed a reaper
   482 | D        | Killed a reaper
   488 | D        | Entered arena 16.
   489 | D        | Noticed a thorn hunter
   489 | D        | Noticed a spriggan defender
   490 | D        | Noticed a spriggan defender
   492 | D        | Found a transporter.
   498 | D        | Reached skill level 10 in Dodging
   498 | D        | Killed a spriggan defender
   498 | D        | Killed a spriggan defender
   501 | D        | Killed a thorn hunter
   768 | D        | Entered arena 17.
   771 | D        | Noticed a reaper
   772 | D        | Identified the +10 hunting sling of the Ten Beds {flame,
                  | rPois rC- Str-4 SInv}
   772 | D        | Noticed a balrug
   773 | D        | Found a transporter.
   779 | D        | Gained mutation: Your large and strong wings let you fly
                  | indefinitely. [Gargoyle growth]
   779 | D        | Reached XP level 14. HP: 92/104 MP: 11/14
   780 | D        | Killed a reaper
   782 | D        | Killed a balrug
   796 | D        | Entered arena 18.
   800 | D        | Identified the cursed +1 chain mail "Soniuquo" {+Blink
                  | rCorr}
   801 | D        | Found a transporter.
   834 | D        | Got the amulet "Unoolic" {Reflect rPois rC+ Int+4 SH+3}
  1147 | D        | Entered arena 19.
  1147 | D        | Identified the ring of Gonirukh {+Blink +Inv EV+6 Int+4}
  1149 | D        | Noticed a vampire knight
  1151 | D        | Noticed a lich
  1152 | D        | Identified the ring of Disaster {rElec rPois Str+6 Slay-6}
  1154 | D        | Identified the cursed +1 dire flail of the Vulture {venom,
                  | MR+ MP+9}
  1167 | D        | Killed a lich
  1173 | D        | Reached skill level 1 in Invocations
  1177 | D        | Found a transporter.
  1191 | D        | Killed a vampire knight
  1525 | D        | Entered arena 20.
  1532 | D        | Found a transporter.
  1538 | D        | Reached skill level 5 in Invocations
  1545 | D        | Reached skill level 15 in Dodging
  1545 | D        | Reached XP level 15. HP: 75/113 MP: 14/21
  1561 | D        | Entered arena 21.
  1565 | D        | Noticed an electric golem
  1565 | D        | Noticed a storm dragon
  1566 | D        | Noticed a titan
  1567 | D        | Noticed a storm dragon
  1567 | D        | Noticed an electric golem
  1567 | D        | Killed from afar by a titan

Skill      XL: |  1  2  3  4  5  6  7  8  9 10 11 12 13 14 |
---------------+-------------------------------------------+-----
Fighting       | 5 7 8 9 10 11 12 14 15 17 18 20 | 20.5
Maces & Flails | 4 6 7 9 10 11 14 16 17 | 17.2
Armour         | 5 7 8 9 10 11 12 14 15 17 18 20 | 20.5
Shields        | 5 7 8 9 10 11 12 14 15 17 18 20 | 20.5
Dodging        | 7 11 15 | 15.1
Invocations    | 8 |  8.9

Action                   |  1- 3 |  4- 6 |  7- 9 | 10-12 | 13-15 || total
-------------------------+-------+-------+-------+-------+-------++-------
Melee: Shillelagh        |     5 |    15 |    40 |    94 |   108 ||   262
Invok: Stomp             |       |       |       |       |     3 ||     3
 Abil: Fly               |       |       |       |       |     1 ||     1
  Use: Potion            |     1 |       |       |     6 |     2 ||     9
 Stab: Paralysed         |       |     1 |     2 |     9 |     6 ||    18
  Eat: Ration            |       |       |       |       |     1 ||     1
Armor: Plate armour      |     2 |     2 |    27 |    42 |    60 ||   133
Dodge: Dodged            |       |       |       |     2 |    23 ||    25
Block: Shield            |    11 |    20 |    58 |   123 |   178 ||   390
       Reflection        |       |       |       |       |     6 ||     6
